 Dungeon Crawl Stone Soup version 0.29.1-2-gbd0b4ee654 (webtiles) character file.

Game seed: 12625994337839434152

45 MisterFreud the Twirler (level 3, -4/27 HPs)
             Began as a Formicid Gladiator on Nov 1, 2022.
             Slain by Sigmund
             ... wielding a +0 scythe
              (7 damage)
             ... on level 2 of the Dungeon.
             The game lasted 00:01:41 (1529 turns).

MisterFreud the Twirler (Formicid Gladiator)        Turns: 1529, Time: 00:01:41

Health: -4/27      AC:  3    Str: 18 (20) XL:     3   Next: 90%
Magic:  3/3        EV: 12    Int:  4 (7)  God:
Gold:   43         SH:  0    Dex: 13 (15) Spells: 2/2 levels left

rFire   . . .      SeeInvis +   a - +0 quarterstaff
rCold   . . .      Faith    .   (no shield)
rNeg    . . .      Spirit   .   b - +0 leather armour
rPois   .          Reflect  .   (helmet unavailable)
rElec   .          Harm     .   (no cloak)
rCorr   .          Rampage  .   (no gloves)
Will    .....                   (no boots)
Stlth   +.........              (no amulet)
HPRegen 0.09/turn               (no ring)
MPRegen 0.08/turn               (no ring)

@: brilliant, attractive
A: permanent stasis, dig shafts and tunnels, antennae 3, four strong arms
a: Dig, Shaft Self


You were on level 2 of the Dungeon.
You visited 1 branch of the dungeon, and saw 3 of its levels.

You collected 43 gold pieces.

Inventory:

Hand Weapons
 a - a +0 quarterstaff (weapon)
Missiles
 c - 3 throwing nets (quivered)
 d - a javelin
Armour
 b - a +0 leather armour (worn)
Scrolls
 g - a scroll of enchant armour {unknown}
 h - a scroll of vulnerability
Potions
 f - a potion of attraction
 i - a potion of degeneration


   Skills:
 - Level 2.1 Fighting
 + Level 4.5 Staves
 - Level 2.0 Throwing
 - Level 2.6 Dodging


You had 2 spell levels left.
You didn't know any spells.
Your spell library was empty.

Dungeon Overview and Level Annotations

Branches:
Dungeon (3/15)

Altars:

Annotations:
D:2 Sigmund


Innate Abilities, Weirdness & Mutations

You cannot be hasted, slowed, berserked, paralysed or teleported.
You can dig through walls and to a lower floor.
You have a pair of large antennae on your head. (SInv)
Your four strong arms can wield two-handed weapons with a shield.


Message History

Sigmund is nearby!
You barely miss Sigmund. Sigmund casts a spell at you.
The puff of flame misses you.
You hit Sigmund.
Sigmund is lightly wounded.
Sigmund closely misses you.
You barely miss Sigmund.
Sigmund is lightly wounded.
Sigmund hits you with a +0 scythe.
You thump Sigmund!
Sigmund is moderately wounded.
You hit Sigmund.
Sigmund is heavily wounded.
Sigmund points at you and mumbles some strange words.
The puff of flame hits you!
You closely miss Sigmund.
Sigmund is heavily wounded.
Sigmund hits you with a +0 scythe!
* * * LOW HITPOINT WARNING * * *
You hit Sigmund but do no damage.
Sigmund is heavily wounded.
Sigmund completely misses you.
It was a potion of attraction.
You feel attractive to monsters. Sigmund hits you with a +0 scythe.
* * * LOW HITPOINT WARNING * * *
It was a potion of degeneration.
There was something very wrong with that liquid.
You feel weakened.
You feel dopey.
You feel clumsy.
It was a potion of brilliance.
You feel clever all of a sudden. Sigmund closely misses you.
It was a potion of haste.
Your stasis prevents you from being hasted.
Sigmund gestures wildly while chanting.
Sigmund flickers and vanishes for a moment.
Are you sure you want to shaft yourself?
Sigmund hits you with a +0 scythe!
You die...

###
#..(.)..'...'.......#
#.......#...#.......#
##.....##...##.....##
##...###.).###...##
##### #...# ##### {
##...# #...###...##
##.....##...##.....##
#.......#...#.......#
#..$(..@'...'.).....#
#.....@.#...#.......#
##.....##...##.....##
##...# #...###...## {
#### #...# #####
#...# #...# #...# {
+...+


You could see Sigmund (invisible).

Vanquished Creatures
  A worm (D:2)
  A dart slug (D:1)
  4 bats (D:1)
  4 endoplasms (D:1)
  A giant cockroach (D:1)
  7 goblins
  2 hobgoblins
  3 jackals (D:2)
  A quokka (D:1)
  5 ball pythons
  3 kobolds
  3 rats (D:1)
35 creatures vanquished.

Notes
Turn   | Place    | Note
-------+----------+-------------------------------------------
     0 | D:1      | MisterFreud the Formicid Gladiator began the quest for the
                  | Orb.
     0 | D:1      | Reached XP level 1. HP: 16/16 MP: 1/1
   370 | D:1      | Reached XP level 2. HP: 21/22 MP: 2/2
   558 | D:1      | Reached skill level 4 in Staves
   558 | D:1      | Reached XP level 3. HP: 5/27 MP: 3/3
  1241 | D:2      | Noticed Sigmund
  1257 | D:2      | You fall into a shaft and drop 1 floor!
  1529 | D:2      | Slain by Sigmund

Illustrated notes

Levels and vault maps discovered:
D:1:      scummos_arrival_simple_crosswalls, layout_rooms,
          minmay_indecisive_spiral
D:2:      kennysheep_six_static_rooms, layout_rooms, uniq_sigmund, uniq_terence
D:3:      layout_loops_corners, shapermc_ecumenical_altar_mp_vishouse,
          minivault_5, uniq_crazy_yiuf_cottage, uniq_natasha

Skill      XL: |  1  2 |
---------------+-------+-----
Staves         | 4 |  4.5
Fighting       | |  2.1
Throwing       | |  2.0
Dodging        | |  2.6

Action                   || total
-------------------------++-------
Melee: Quarterstaff      ||    90
 Abil: Shaft Self        ||     2
  Use: Scroll            ||     4
       Potion            ||     4
Armor: Leather armour    ||    23
Dodge: Dodged            ||    70
